[Event "Titled Tuesday Blitz August 23 Early 2022"]
[White "Livaic, Leon"]
[Black "Kamsky, Gata"]
[WhiteFideId "14531534"]
[BlackFideId "2000024"]
[WhiteElo "2540"]
[BlackElo "2666"]
[Result "0-1"]
[Round "07"]
[TimeControl "180+1"]
[Date "2022.08.23"]
[WhiteClock "0:00:01"]
[BlackClock "0:00:18"]

1. d4 Nf6 2. c4 e6 3. Nc3 Bb4 4. e3 c5 5. Bd3 O-O 6. Nf3 d5 7. O-O dxc4 8. Bxc4 Nbd7 9. Qe2 cxd4 10. exd4 a6 11. Bg5 h6 12. Bh4 b5 13. Bd3 Bb7 14. Ne5 Be7 15. Rad1 Rc8 16. Rfe1 Nd5 17. Bxe7 Qxe7 18. Nxd7 Nxc3 19. bxc3 Qxd7 20. Qd2 Rc7 21. Re3 Rfc8 22. Rg3 Kf8 23. Bf1 Qd6 24. Re1 Bd5 25. Qc2 f5 26. Qe2 Rxc3 27. Rxc3 Rxc3 28. g3 Ra3 29. Bg2 Rxa2 30. Qe3 Bxg2 31. Kxg2 Kf7 32. d5 Qxd5+ 33. Kg1 Ra4 34. h4 Re4 35. Qa7+ Kg6 36. h5+ Kh7 37. Rc1 Rc4 38. Re1 Re4 39. Rf1 f4 40. Qf7 Qf5 41. Qb7 Re2 0-1


[Site "https://www.chess.com"]

[Event "Titled Tuesday Blitz August 23 Early 2022"]
[White "Matinian, Nikita"]
[Black "Hebden, Mark L"]
[WhiteFideId "24129100"]
[BlackFideId "400084"]
[WhiteElo "2422"]
[BlackElo "2457"]
[Result "1-0"]
[Round "07"]
[TimeControl "180+1"]
[Date "2022.08.23"]
[WhiteClock "0:02:27"]
[BlackClock "0:01:41"]

1. e4 e5 2. Nf3 Nc6 3. Bb5 a6 4. Ba4 Nf6 5. d3 b5 6. Bb3 Be7 7. a3 O-O 8. O-O d6 9. Nc3 Bg4 10. Be3 Na5 11. Ba2 c5 12. h3 Be6 13. Nd5 Nc6 14. b4 Rc8 15. bxc5 dxc5 16. Nxf6+ gxf6 17. Bh6 Re8 18. Bxe6 fxe6 19. Nd4 Bf8 20. Qg4+ Kf7 21. Bxf8 Rxf8 22. Qxe6+ Kg7 23. Nxc6 1-0


[Site "https://www.chess.com"]

[Event "Titled Tuesday Blitz August 23 Early 2022"]
[White "Mekhitarian, Krikor Sevag"]
[Black "Starozhilov, Leonid"]
[WhiteFideId "2107660"]
[BlackFideId "14106752"]
[WhiteElo "2603"]
[BlackElo "2414"]
[Result "1-0"]
[Round "07"]
[TimeControl "180+1"]
[Date "2022.08.23"]
[WhiteClock "0:00:28"]
[BlackClock "0:00:02"]

1. e4 g6 2. d4 Bg7 3. Nc3 d6 4. h4 Nf6 5. f3 Nc6 6. Be3 a6 7. Nge2 h5 8. Qd2 b5 9. d5 Ne5 10. Nd4 Bb7 11. a4 bxa4 12. Be2 O-O 13. O-O c6 14. dxc6 Nxc6 15. Rxa4 a5 16. Rfa1 Nd7 17. Bb5 Nce5 18. Nd5 Bxd5 19. exd5 Nb6 20. Rxa5 Rxa5 21. Qxa5 Nec4 22. Bxc4 Nxc4 23. Qxd8 Rxd8 24. Bf2 Nxb2 25. Nc6 Rd7 26. Ra8+ Bf8 27. Bd4 Nc4 28. Ra4 Ne5 29. Bxe5 dxe5 30. c4 e6 31. Nxe5 Bc5+ 32. Kf1 Rd6 33. Ra8+ Kg7 34. Rc8 Bd4 35. Nc6 Bf6 36. Nb4 exd5 37. Nxd5 Bxh4 38. Ke2 Bg3 39. Kd3 g5 40. Ke4 g4 41. fxg4 hxg4 42. Kf5 Rg6 43. Ne3 Rf6+ 44. Kxg4 Bf2 45. Nf5+ Kg6 46. Rg8+ Kh7 47. Rg5 Rc6 48. Rh5+ 1-0


[Site "https://www.chess.com"]

[Event "Titled Tuesday Blitz August 23 Early 2022"]
[White "Miszler, Levente"]
[Black "Nasuta, Grzegorz"]
[WhiteFideId "763276"]
[BlackFideId "1141686"]
[WhiteElo "1966"]
[BlackElo "2354"]
[Result "1-0"]
[Round "07"]
[TimeControl "180+1"]
[Date "2022.08.23"]
[WhiteClock "0:01:33"]
[BlackClock "0:01:25"]

1. Nf3 Nf6 2. c4 c5 3. g3 d5 4. cxd5 Nxd5 5. Nc3 Nc6 6. Bg2 g6 7. O-O Bg7 8. Nxd5 Qxd5 9. d3 O-O 10. Be3 Qd6 11. Rc1 b6 12. d4 cxd4 13. Nxd4 Nxd4 14. Bxa8 Ba6 15. Bxd4 Bxd4 16. Bf3 Qe5 17. Qa4 Bc8 18. Qxa7 h5 19. Qc7 Qf6 20. Rfd1 h4 21. Qf4 Qxf4 22. gxf4 Bxb2 23. Rb1 Ba3 24. Rxb6 Be6 25. Ra6 Bc5 26. a4 Rb8 27. Ra8 Rxa8 28. Bxa8 1-0


[Site "https://www.chess.com"]

[Event "Titled Tuesday Blitz August 23 Early 2022"]
[White "Mitrabha, Guha"]
[Black "Moroni, Luca Jr"]
[WhiteFideId "5057000"]
[BlackFideId "865834"]
[WhiteElo "2499"]
[BlackElo "2573"]
[Result "1-0"]
[Round "07"]
[TimeControl "180+1"]
[Date "2022.08.23"]
[WhiteClock "0:00:43"]
[BlackClock "0:00:03"]

1. c4 g6 2. g3 Bg7 3. Bg2 d6 4. Nc3 Nc6 5. e3 h5 6. h3 Bd7 7. Nge2 Qc8 8. d4 e5 9. d5 Nce7 10. e4 f6 11. Be3 Nh6 12. c5 Nf7 13. Rc1 dxc5 14. Bxc5 Nd6 15. a4 Bh6 16. Bxd6 cxd6 17. Nb5 Qb8 18. Nc7+ Kf7 19. Rc3 b5 20. Nxa8 Qxa8 21. axb5 Bxb5 22. O-O Rc8 23. Re1 a6 24. Qc2 Qb7 25. Rxc8 Nxc8 26. Nc3 Bd7 27. Bf1 a5 28. Ra1 Qb4 29. Ra3 h4 30. gxh4 Nb6 31. Ne2 a4 32. Ng3 Bf4 33. h5 gxh5 34. Qe2 h4 35. Nh5 Bg5 36. Rc3 f5 37. exf5 Nxd5 38. Qc4 Qa5 39. Rd3 Bc6 1-0


[Site "https://www.chess.com"]

[Event "Titled Tuesday Blitz August 23 Early 2022"]
[White "Molina, Roberto Junio Brito"]
[Black "Blanco Ronquillo, Humberto L."]
[WhiteFideId "2109450"]
[BlackFideId "3504239"]
[WhiteElo "2403"]
[BlackElo "2425"]
[Result "1-0"]
[Round "07"]
[TimeControl "180+1"]
[Date "2022.08.23"]
[WhiteClock "0:00:31"]
[BlackClock "0:00:15"]

1. d4 d5 2. Nf3 Nf6 3. e3 c6 4. Be2 Bf5 5. O-O h6 6. b3 e6 7. c4 Nbd7 8. Bd3 Ne4 9. Qc2 Bd6 10. Bb2 Qf6 11. Nfd2 Qg6 12. f3 Qh5 13. f4 Nxd2 14. Nxd2 O-O 15. Bc3 Nf6 16. Rae1 Rfe8 17. h3 Qg6 18. Bxf5 Qxf5 19. Qb1 a5 20. g4 Qxb1 21. Rxb1 Nd7 22. Kg2 b5 23. Kf3 f6 24. Ke2 Bf8 25. Rbc1 Nb6 26. Kd3 a4 27. c5 Nd7 28. b4 e5 29. dxe5 fxe5 30. fxe5 Nxe5+ 31. Bxe5 Rxe5 32. Nf3 Ree8 33. Nd4 Rac8 34. Rce1 Be7 35. e4 Bh4 36. Re2 Rcd8 37. exd5 Rxe2 38. Kxe2 Rxd5 39. Nxc6 Bf6 40. Rxf6 1-0


[Site "https://www.chess.com"]

[Event "Titled Tuesday Blitz August 23 Early 2022"]
[White "Nakamura, Hikaru"]
[Black "Maksimovic, Bojan"]
[WhiteFideId "2016192"]
[BlackFideId "14408120"]
[WhiteElo "2850"]
[BlackElo "2447"]
[Result "1/2-1/2"]
[Round "07"]
[TimeControl "180+1"]
[Date "2022.08.23"]
[WhiteClock "0:00:13"]
[BlackClock "0:00:06"]

1. g3 Nf6 2. Bg2 g6 3. d3 Bg7 4. Bd2 c5 5. Qc1 h5 6. h3 Nc6 7. e4 d6 8. Nc3 Rb8 9. f4 Nd4 10. Nd1 Nd7 11. c3 Nc6 12. Ne2 b5 13. O-O Qc7 14. Ne3 e6 15. f5 Nce5 16. fxe6 fxe6 17. Qb1 Bb7 18. a4 b4 19. cxb4 cxb4 20. Rc1 Qd8 21. d4 Nf7 22. Qd3 h4 23. g4 Bh6 24. Rf1 O-O 25. e5 Kh7 26. Bxb7 Rxb7 27. g5 Nxg5 28. Ng4 Bg7 29. Nf4 Rf5 30. exd6 Qb6 31. Rae1 Qxd4+ 32. Qxd4 Bxd4+ 33. Kg2 Bxb2 34. Nxe6 Nxe6 35. Rxe6 Rxf1 36. Re7+ Kg8 37. Kxf1 Nc5 38. Rxb7 Nxb7 39. Bxb4 Kf7 40. Be1 Nxd6 41. Bxh4 Ne4 42. Bf2 a5 43. Bb6 Nc3 44. Ne5+ Kf6 45. Ng4+ Kf5 46. Ne3+ Ke4 47. Nc4 Nxa4 48. Bxa5 Bd4 49. Kg2 Nc5 50. Nd2+ Kf5 51. Nf3 Bf6 52. Bb6 Ne4 53. Be3 g5 54. Nh2 Be5 55. Ng4 Bg7 56. Kf3 Nf6 57. Nf2 Nd5 58. Bd2 Be5 59. Nd3 Bd6 60. Nf2 Nf6 61. Nd1 Nd7 62. Ne3+ Kg6 63. Ke4 Nf6+ 64. Kf3 Bf4 65. Be1 Bxe3 66. Kxe3 Kh5 67. Kf3 g4+ 68. hxg4+ Nxg4 1/2-1/2


[Site "https://www.chess.com"]

[Event "Titled Tuesday Blitz August 23 Early 2022"]
[White "Nazaretyan, Tigran"]
[Black "Mindlin, Alon"]
[WhiteFideId "24162345"]
[BlackFideId "2800071"]
[WhiteElo "2183"]
[BlackElo "2417"]
[Result "0-1"]
[Round "07"]
[TimeControl "180+1"]
[Date "2022.08.23"]
[WhiteClock "0:00:21"]
[BlackClock "0:00:20"]

1. d4 d5 2. c4 e6 3. Nf3 Nf6 4. Nc3 Be7 5. Bf4 O-O 6. e3 b6 7. Bd3 c5 8. cxd5 Nxd5 9. Nxd5 exd5 10. Rc1 Be6 11. O-O Nd7 12. b3 h6 13. Bb1 Rc8 14. Qd3 f5 15. Rfd1 c4 16. bxc4 dxc4 17. Qe2 Nf6 18. Ne5 b5 19. a4 a6 20. axb5 axb5 21. h3 Qe8 22. Qf3 Bd5 23. Qg3 Nh5 24. Qh2 b4 25. f3 c3 26. Bg3 b3 27. e4 fxe4 28. fxe4 Bb7 29. Bd3 c2 30. Bxc2 Rxc2 31. Rxc2 bxc2 32. Rc1 Bg5 33. Rxc2 Be3+ 34. Bf2 Bxe4 35. Bxe3 Bxc2 36. g4 Qa4 37. gxh5 Qa1+ 38. Kg2 Qe1 39. Qg1 Be4+ 40. Kh2 Qe2+ 41. Kg3 Rf1 42. Qxf1 Qxf1 43. Ng4 Qf3+ 44. Kh4 Bf5 45. Bg1 Bxg4 46. hxg4 Qh1+ 47. Kg3 Qxg1+ 48. Kf4 Qxd4+ 49. Kf5 Kf7 50. g5 Qd5+ 51. Kf4 Qxg5+ 0-1


[Site "https://www.chess.com"]

[Event "Titled Tuesday Blitz August 23 Early 2022"]
[White "Ohanyan, Emin"]
[Black "Levitskiy, Andrey"]
[WhiteFideId "13312022"]
[BlackFideId "14132885"]
[WhiteElo "1927"]
[BlackElo "2293"]
[Result "1-0"]
[Round "07"]
[TimeControl "180+1"]
[Date "2022.08.23"]
[WhiteClock "0:00:06"]
[BlackClock "0:00:03"]

1. e4 e6 2. d4 d5 3. Nc3 Bb4 4. e5 c5 5. a3 Bxc3+ 6. bxc3 Qa5 7. Bd2 Qa4 8. Qg4 Kf8 9. Qd1 b6 10. c4 Ba6 11. c3 Qxd1+ 12. Rxd1 dxc4 13. dxc5 Nd7 14. cxb6 axb6 15. Be3 Nxe5 16. Bxb6 Nf6 17. Bd4 Nd3+ 18. Bxd3 cxd3 19. Nf3 Ne4 20. Nd2 Nxd2 21. Kxd2 f6 22. f4 Bb7 23. Rhg1 Be4 24. Rde1 f5 25. g4 Rg8 26. Bc5+ Kf7 27. h4 Rgb8 28. Bb4 g6 29. h5 Rb7 30. Rg3 Ra6 31. hxg6+ hxg6 32. Rh3 Kg8 33. g5 Rh7 34. Ree3 Rxh3 35. Rxh3 Ra7 36. c4 Ra8 37. c5 Ra6 38. Ke3 Kg7 39. Bc3+ Kf7 40. Rh7+ Ke8 41. Bb4 Kd8 42. Kd4 Ra4 43. Kc3 Ra6 44. Kc4 Kc8 45. Kb5 Ra8 46. c6 Rb8+ 47. Kc5 Ra8 48. Rh8+ Kc7 49. Rxa8 1-0


[Site "https://www.chess.com"]

[Event "Titled Tuesday Blitz August 23 Early 2022"]
[White "Pakleza, Zbigniew"]
[Black "Dimitrov, Atanas"]
[WhiteFideId "1119290"]
[BlackFideId "2901315"]
[WhiteElo "2411"]
[BlackElo "2632"]
[Result "1-0"]
[Round "07"]
[TimeControl "180+1"]
[Date "2022.08.23"]
[WhiteClock "0:00:03"]
[BlackClock "0:00:03"]

1. d4 Nf6 2. Nf3 g6 3. Bf4 Bg7 4. e3 O-O 5. Be2 d5 6. O-O c5 7. c3 Nc6 8. h3 b6 9. Nbd2 Bb7 10. Bh2 Nd7 11. Nb3 Rc8 12. dxc5 Nxc5 13. Nbd4 Ne4 14. a4 Na5 15. Nb3 Nc4 16. Qb1 Qe8 17. a5 Qb5 18. Nfd4 Qd7 19. axb6 axb6 20. Rd1 Ncd6 21. f3 Nc5 22. Kh1 e5 23. Nxc5 bxc5 24. Nb3 Nf5 25. e4 Ne3 26. Rd2 d4 27. Na5 Ba8 28. Nc4 Nxc4 29. Bxc4 Bc6 30. Ra5 Bb7 31. Qa2 Ra8 32. b4 Bh6 33. Rd1 cxb4 34. cxd4 exd4 35. Be5 Be3 36. Bb3 Rxa5 37. Qxa5 Ra8 38. Qxb4 Rd8 39. Bf6 Re8 40. Bxd4 Bxd4 41. Qxd4 Qxd4 42. Rxd4 Re7 43. Rd6 Kg7 44. Rb6 Bc8 45. Kh2 h5 46. h4 Rc7 47. Kg3 Bd7 48. Bd5 Ba4 49. Kf4 Bd1 50. Rb2 Ba4 51. Ra2 Bd1 52. Rd2 Ba4 53. g3 Rc3 54. Rd4 Bb3 55. Bxb3 Rxb3 56. Rd7 Kf6 57. g4 hxg4 58. fxg4 Rb1 59. e5+ Ke6 60. Rd6+ Ke7 61. Ra6 Rb5 62. h5 gxh5 63. gxh5 Kf8 64. h6 Kg8 65. Kf5 Kh7 66. Rf6 Rb7 67. Kg5 Re7 68. Kf4 Rb7 69. Rd6 Re7 70. Kf5 Re8 71. Kf6 Kg8 72. Rc6 Rf8 73. Rc7 Kh7 74. Rxf7+ Rxf7+ 75. Kxf7 Kxh6 76. e6 1-0


[Site "https://www.chess.com"]

[Event "Titled Tuesday Blitz August 23 Early 2022"]
[White "Papasimakopoulos, Alexandros"]
[Black "Lenderman, Aleksandr"]
[WhiteFideId "4244125"]
[BlackFideId "2021285"]
[WhiteElo "2357"]
[BlackElo "2607"]
[Result "0-1"]
[Round "07"]
[TimeControl "180+1"]
[Date "2022.08.23"]
[WhiteClock "0:00:19"]
[BlackClock "0:00:34"]

1. d4 e6 2. c4 b6 3. e4 Bb4+ 4. Nd2 Bb7 5. Bd3 f5 6. Qe2 Nf6 7. f3 O-O 8. e5 Nh5 9. g3 Nc6 10. Qf2 d6 11. exd6 Qxd6 12. Ne2 Rad8 13. a3 Bxd2+ 14. Bxd2 Nxd4 15. Nxd4 Qxd4 16. Qxd4 Rxd4 17. Be2 Rfd8 18. Bc3 R4d7 19. Kf2 Nf6 20. Rhe1 Kf7 21. Bf1 g5 22. Re5 g4 23. Bg2 Rd3 24. Re3 gxf3 25. Bxf3 Bxf3 26. Kxf3 Ng4 27. Rxd3 Rxd3+ 28. Kg2 Ne3+ 29. Kf2 Nxc4 30. Ke2 Rd5 31. Rc1 Nd6 32. Bd2 c5 33. b4 c4 34. a4 a6 35. Bf4 e5 36. Be3 b5 37. axb5 axb5 38. Ra1 Ne4 39. Ra7+ Ke6 40. Ra6+ Rd6 41. Ra7 Rd3 42. Rxh7 Nc3+ 43. Kf2 Nd1+ 44. Ke2 Nxe3 45. Rb7 Nd5 46. Kf2 c3 47. Rxb5 c2 48. Rc5 Rc3 0-1


[Site "https://www.chess.com"]

[Event "Titled Tuesday Blitz August 23 Early 2022"]
[White "Sarana, Alexey"]
[Black "Gholami Orimi, Mahdi"]
[WhiteFideId "24133795"]
[BlackFideId "12558486"]
[WhiteElo "2666"]
[BlackElo "2354"]
[Result "1-0"]
[Round "07"]
[TimeControl "180+1"]
[Date "2022.08.23"]
[WhiteClock "0:00:35"]
[BlackClock "0:00:14"]

1. d4 Nf6 2. c4 e6 3. Nc3 Bb4 4. e3 d5 5. Bd3 O-O 6. a3 Bxc3+ 7. bxc3 c6 8. Ne2 Qc7 9. f3 e5 10. O-O Re8 11. Ng3 c5 12. cxd5 exd4 13. cxd4 Nxd5 14. Qc2 cxd4 15. Bxh7+ Kh8 16. exd4 Qb6 17. Be4 Nc6 18. Kh1 Nf6 19. d5 Nd4 20. Qd3 Nb3 21. Be3 Nc5 22. Qc2 Nfd7 23. Rac1 Nxe4 24. Bxb6 Nxg3+ 25. hxg3 axb6 26. Rfe1 1-0


[Site "https://www.chess.com"]

[Event "Titled Tuesday Blitz August 23 Early 2022"]
[White "Subelj, Jan"]
[Black "Belov, Vladimir"]
[WhiteFideId "14618583"]
[BlackFideId "4132394"]
[WhiteElo "2331"]
[BlackElo "2501"]
[Result "0-1"]
[Round "07"]
[TimeControl "180+1"]
[Date "2022.08.23"]
[WhiteClock "0:01:10"]
[BlackClock "0:00:33"]

1. Nf3 Nf6 2. g3 d5 3. Bg2 c6 4. O-O Bg4 5. c4 e6 6. Qb3 Qb6 7. d3 Nbd7 8. Be3 Bc5 9. Bxc5 Nxc5 10. Qc2 O-O 11. Nbd2 Rfd8 12. Rfc1 d4 13. Nb3 Nxb3 14. Qxb3 Qc7 15. c5 e5 16. Qc2 h6 17. b4 Nd5 18. a3 a5 19. Qb2 axb4 20. axb4 Qe7 21. h3 Bh5 22. g4 Bg6 23. Nd2 Nf4 24. Bf1 h5 25. Rxa8 Rxa8 26. gxh5 Bxh5 27. e3 Qg5+ 28. Kh2 dxe3 29. Ne4 Qe7 30. fxe3 Nd5 31. Re1 Bg6 32. Ng3 f5 33. e4 f4 34. exd5 fxg3+ 35. Kxg3 Qg5+ 36. Kh2 Qf4+ 37. Kg1 Qg3+ 0-1


[Site "https://www.chess.com"]

[Event "Titled Tuesday Blitz August 23 Early 2022"]
[White "Theodorou, Nikolas"]
[Black "Puranik, Abhimanyu"]
[WhiteFideId "4262875"]
[BlackFideId "5061245"]
[WhiteElo "2484"]
[BlackElo "2520"]
[Result "1-0"]
[Round "07"]
[TimeControl "180+1"]
[Date "2022.08.23"]
[WhiteClock "0:00:18"]
[BlackClock "0:00:05"]

1. Nf3 Nf6 2. g3 g6 3. Bg2 Bg7 4. O-O O-O 5. d3 d5 6. Nbd2 c5 7. e4 e6 8. c3 Nc6 9. e5 Nd7 10. d4 cxd4 11. cxd4 f6 12. exf6 Qxf6 13. Nb3 b6 14. Bg5 Qf7 15. Rc1 Bb7 16. Bf4 h6 17. h4 a5 18. a4 Rac8 19. Re1 Kh7 20. Qe2 Rce8 21. Qb5 e5 22. dxe5 Ncxe5 23. Nbd4 Nc4 24. Rxe8 Rxe8 25. b3 Na3 26. Qf1 Nc5 27. Ra1 Ne6 28. Nxe6 Qxe6 29. Rxa3 d4 30. Ra1 d3 31. Re1 Be4 32. Rxe4 Qxe4 33. Ng5+ hxg5 34. Bxe4 Rxe4 35. hxg5 1-0


[Site "https://www.chess.com"]

[Event "Titled Tuesday Blitz August 23 Early 2022"]
[White "Timofeev, Artyom"]
[Black "Ladopoulos, Dimitrios"]
[WhiteFideId "4140419"]
[BlackFideId "4239580"]
[WhiteElo "2578"]
[BlackElo "2195"]
[Result "1-0"]
[Round "07"]
[TimeControl "180+1"]
[Date "2022.08.23"]
[WhiteClock "0:01:09"]
[BlackClock "0:00:25"]

1. e4 e6 2. Qe2 e5 3. Nf3 Nc6 4. c3 Nf6 5. d3 a5 6. a4 Bc5 7. Bg5 h6 8. Bh4 g5 9. Bg3 d6 10. Nbd2 Be6 11. Qd1 Bb6 12. Be2 Ne7 13. d4 exd4 14. Nxd4 Bxd4 15. cxd4 d5 16. h4 gxh4 17. Bxh4 Ng6 18. exd5 Nxh4 19. dxe6 Nxg2+ 20. Kf1 Nf4 21. exf7+ Kf8 22. Nf3 Qd5 23. Rc1 Qxf7 24. Ne5 Qd5 25. Bf3 Qd6 26. Qd2 Ne6 27. Ng6+ Kf7 28. Nxh8+ Rxh8 29. Rxh6 Rxh6 30. Qxh6 Qxd4 31. Bh5+ Ke7 32. Re1 Qh4 33. Rxe6+ 1-0


[Site "https://www.chess.com"]

[Event "Titled Tuesday Blitz August 23 Early 2022"]
[White "Vakhlamov, Igor L."]
[Black "Tristan, Leonardo"]
[WhiteFideId "24126748"]
[BlackFideId "113816"]
[WhiteElo "2401"]
[BlackElo "2404"]
[Result "1-0"]
[Round "07"]
[TimeControl "180+1"]
[Date "2022.08.23"]
[WhiteClock "0:00:06"]
[BlackClock "0:00:04"]

1. e4 d5 2. exd5 Qxd5 3. Nc3 Qa5 4. d4 Nf6 5. Nf3 Bf5 6. Bc4 e6 7. O-O Bb4 8. Ne2 O-O 9. Ng3 Bg6 10. Ne5 Nc6 11. c3 Be7 12. Nxc6 bxc6 13. b4 Qb6 14. Bd2 a5 15. a3 Rfd8 16. Qe2 h5 17. Rfe1 h4 18. Nf1 h3 19. gxh3 Nd5 20. Ng3 Bd6 21. Qg4 Nf6 22. Qf3 Nd5 23. h4 a4 24. h5 Bc2 25. h6 Bb3 26. Bd3 Ne7 27. hxg7 f5 28. Qh5 Kxg7 29. Bh6+ Kg8 30. Qg5+ Kf7 31. Qg7+ Ke8 32. Bxf5 exf5 33. Nxf5 Kd7 34. Nxe7 Bxe7 35. Rxe7+ Kc8 36. Qe5 Kb7 37. h4 Rd5 38. Qf4 Bc2 39. Rae1 Rf5 40. Qg3 Bb3 41. Bf4 Rg8 42. Bg5 Rgf8 43. f4 Qb5 44. R1e5 Qc4 45. Rxf5 Rxf5 46. Qe3 Bc2 47. h5 Qa2 48. h6 Qb1+ 49. Qe1 Qb3 50. h7 Rf8 51. Qe5 Qb1+ 52. Kh2 Be4 53. Qxc7+ Ka6 54. Qa5# 1-0


[Site "https://www.chess.com"]

[Event "Titled Tuesday Blitz August 23 Early 2022"]
[White "Weetik, Vjacheslav"]
[Black "Sourath Biswas"]
[WhiteFideId "4153472"]
[BlackFideId "35091484"]
[WhiteElo "2469"]
[BlackElo "1777"]
[Result "1-0"]
[Round "07"]
[TimeControl "180+1"]
[Date "2022.08.23"]
[WhiteClock "0:00:21"]
[BlackClock "0:00:03"]

1. d4 Nf6 2. c4 g6 3. Nc3 Bg7 4. e4 O-O 5. Nf3 d6 6. Be2 Nbd7 7. O-O e5 8. Re1 Re8 9. Bf1 a6 10. d5 a5 11. Rb1 Nc5 12. b3 Bd7 13. a3 a4 14. b4 Nb3 15. Bg5 h6 16. Bh4 g5 17. Bg3 Nh5 18. Nd2 Nd4 19. Qxh5 Nc2 20. Rec1 Nd4 21. Nb5 f5 22. Nxd4 exd4 23. f3 Rf8 24. exf5 Bxf5 25. Ne4 Qe7 26. Re1 Qd7 27. Bd3 Rae8 28. Nf2 Re3 29. Red1 Rf7 30. h4 Bxd3 31. Rxd3 Qf5 32. Rbd1 Re2 33. hxg5 hxg5 34. Ng4 Rfe7 35. Rxd4 Bxd4+ 36. Rxd4 Qb1+ 37. Kh2 Qc2 38. Qxg5+ Rg7 39. Qd8+ Kf7 40. Rf4+ Kg6 41. Rf6+ Kg5 42. Rh6+ Kf5 43. Qf6# 1-0


[Site "https://www.chess.com"]

[Event "Titled Tuesday Blitz August 23 Early 2022"]
[White "Xu, Yi"]
[Black "Bachmann, Axel"]
[WhiteFideId "8605564"]
[BlackFideId "3700488"]
[WhiteElo "2471"]
[BlackElo "2595"]
[Result "0-1"]
[Round "07"]
[TimeControl "180+1"]
[Date "2022.08.23"]
[WhiteClock "0:00:02"]
[BlackClock "0:00:10"]

1. e4 Nc6 2. Nf3 d6 3. d4 Nf6 4. Nc3 g6 5. h3 Bg7 6. Be2 O-O 7. O-O e5 8. d5 Ne7 9. Be3 Nh5 10. Re1 h6 11. Nd2 Nf4 12. Bf1 f5 13. a4 g5 14. a5 a6 15. exf5 Nxf5 16. Nde4 Qe8 17. Ne2 Qg6 18. N2g3 Nh4 19. c4 g4 20. hxg4 Bxg4 21. f3 Nfxg2 22. fxg4 Nxe1 23. Bh3 Nef3+ 24. Kh1 Ng5 25. Bxg5 hxg5 26. Nf5 Nxf5 27. gxf5 Rxf5 28. Bxf5 Qxf5 29. Qd3 Rf8 30. Rg1 Qh7+ 31. Kg2 Rf4 32. Re1 Rg4+ 33. Kf2 Qh2+ 34. Ke3 Rg2 35. Nf6+ Kh8 36. Rf1 Rg3+ 37. Rf3 Rxf3+ 38. Kxf3 Qh3+ 0-1